 Dungeon Crawl Stone Soup version 0.31-a0-479-g91c9547826 (webtiles) character file.

Game seed: 10662120223427201808

5610 Conn the Thaumaturge (level 10, -3/87 HPs)
             Began as an Octopode Fire Elementalist on Aug 7, 2023.
             Was a Believer of Sif Muna.
             Hit by a large rock thrown by a cyclops (35 damage)
             ... on level 8 of the Dungeon.
             The game lasted 00:25:29 (10093 turns).

Conn the Thaumaturge (Octopode Fire Elementalist)  Turns: 10093, Time: 00:25:30

Health: -3/87      AC: 25    Str:  8    XL:     10   Next: 73%
Magic:  13/23      EV:  2    Int: 21    God:    Sif Muna [**....]
Gold:   1246       SH:  0    Dex: 13    Spells: 8/28 levels left

rFire   + . .        y - +1 short sword (protect)
rCold   x . .        (no shield)
rNeg    + . .        (helmet currently unavailable)
rPois   +            (no amulet)
rElec   .            k - ring of poison resistance
rCorr   .            n - ring of positive energy
SInv    +            p - ring of fire
Will    .....        A - ring of see invisible
Stlth   +++          (no ring)
HPRegen 0.34/turn    (no ring)
MPRegen 0.18/turn    (no ring)
                     (no ring)

%: no passive effects
@: tree-form, very slightly contaminated, hasted, very quick
A: stationary, stasis, torment immunity, boosted hp, almost no armour,
(amphibious), 8 rings, (camouflage 1), (gelatinous body 1), (nimble swimmer 1),
(tentacles)
a: Renounce Religion, Channel Magic


You were on level 8 of the Dungeon.
You worshipped Sif Muna.
Sif Muna was pleased with you.
You were a tree.
You visited 2 branches of the dungeon, and saw 9 of its levels.
You also visited: Bailey.

You collected 1326 gold pieces.
You spent 80 gold pieces at shops.

Inventory:

Hand Weapons
 o - the +8 Wrath of Trog {antimagic, *Rage Rampage}
   (You took it off an orc warrior in a bailey)

   It causes slowness and exhaustion when equipped.
   It extends the wielder's berserk rage when killing foes.
   *Rage:     It berserks you when you make melee attacks (+50% chance).
   Rampage:   It bestows one free step when moving towards enemies.
 y - a +1 short sword of protection (weapon)
 F - a +5 battleaxe
Missiles
 b - 2 poisoned darts
Armour
 d - a +0 buckler
 D - a -2 hat
Magical Staves
 g - a staff of poison
Jewellery
 k - a ring of poison resistance (left branch)
 n - a ring of positive energy (right branch)
 p - a ring of fire (on tentacle)
 A - a ring of see invisible (on tentacle)
Talismans
 j - a talisman of death
Wands
 B - a wand of charming (12)
Scrolls
 f - a scroll of torment
 h - a scroll of enchant weapon
 m - a scroll of identify
 q - 2 scrolls of vulnerability
 t - 2 scrolls of teleportation
 w - a scroll of fog
Potions
 c - a potion of lignification
 i - 3 potions of mutation
 l - 4 potions of curing
 u - 4 potions of enlightenment
 v - a potion of invisibility {unknown}
 x - a potion of berserk rage {unknown}
 z - a potion of ambrosia {unknown}
 C - a potion of resistance {unknown}


   Skills:
 + Level 1.0 Fighting
 + Level 1.4 Short Blades
 + Level 0.4 Staves
 + Level 3.3 Dodging
 + Level 5.1 Stealth
 * Level 4.0 Shields
 + Level 0.1 Unarmed Combat
 * Level 9.5 Spellcasting
 * Level 6.4 Conjurations
 + Level 0.9 Hexes
 * Level 3.9 Summonings
 + Level 6.8 Fire Magic
 * Level 1.0 Ice Magic
 * Level 1.8 Invocations


You had 8 spell levels left.
You knew the following spells:

 Your Spells              Type           Power      Damage    Failure   Level
a - Foxfire               Conj/Fire      100%       2x1d9     1%          1
b - Scorch                Fire           100%       2d9       1%          2
c - Inner Flame           Hex/Fire       39%        N/A       4%          3
d - Flame Wave            Conj/Fire      54%        2d13      4%          4
e - Summon Small Mammal   Summ           100%       N/A       1%          1
f - Summon Guardian Gole  Hex/Summ       20%        N/A       8%          3
g - Call Canine Familiar  Summ           26%        N/A       4%          3
h - Hailstorm             Conj/Ice       25%        3d7       4%          3

Your spell library contained the following spells:

 Spells                   Type           Power      Damage    Failure   Level
 Freeze                   Ice            56%        1d7       4%          1
 Volatile Blastmotes      Fire/Tloc      72%        2d16      4%          3
 Ensorcelled Hibernation  Hex/Ice        28%        N/A       7%          2
 Frozen Ramparts          Ice            28%        1d5       13%         3
 Anguish                  Hex/Necr       6%         N/A       50%         4


Dungeon Overview and Level Annotations

Branches:
Dungeon (8/15)             Temple (1/1) D:6          Bailey (visited)
   Lair: D:8-11

Altars:
Ashenzari
Cheibriados
Dithmenos
Elyvilon
Fedhas
Gozag
Hepliaklqana
Kikubaaqudgha
Makhleb
Nemelex Xobeh
Qazlal
Ru
Sif Muna
Uskayaw
Vehumet
Wu Jian
Xom
Yredelemnul
The Shining One

Shops:
D:2 :[*:=

Annotations:
D:8 2 runed translucent doors


Innate Abilities, Weirdness & Mutations

You are a tree.
Your roots penetrate the ground, keeping you stationary.
You cannot be teleported.
You are immune to unholy pain and torment.
Your maximum health is greatly increased.
You cannot wear most types of armour.
((You are amphibious.))
You can wear up to eight rings at the same time.
((Your skin changes colour to match your surroundings (Stealth+).))
((Your rubbery body absorbs attacks. (AC +1, EV +1)))
((You are camouflaged when in or above water. (Stealth+)))
((You have tentacles for arms and can constrict up to eight enemies at once.))


Message History

Confirm with . or Enter, or press ? or * to list all spells.
You feel a surge of power!
Flames lash the centaur warrior.
The centaur warrior is burned terribly!
Flame seeps out of the centaur warrior.
The centaur warrior is severely wounded.
The centaur warrior is engulfed in blazing flames.
Sif Muna accepts your kill.
The centaur warrior explodes!
You hear a shout!
Your Shields skill increases to level 4!
Your Ice Magic skill increases to level 1!
Aiming: Charm
Press: ? - help, Shift-Dir - straight line, f - cyclops
Aim: a cyclops, quivering large rocks (lightly wounded, chance to affect: 31%)
Okay, then.
Unknown command.
Unknown command.
Okay, then.
You turn into a tree.
Your roots penetrate the ground.
You feel better.
Casting: Scorch (safe; 1% risk of failure)
Confirm with . or Enter, or press ? or * to list all spells.
You feel a surge of power!
You conjure some foxfire!
Unknown command.
Okay, then.
Magic courses through your body.
The foxfire hits the kobold.
You kill the kobold!
Sif Muna accepts your kill.
Unknown command.
Casting: Foxfire (safe; 1% risk of failure)
Confirm with . or Enter, or press ? or * to list all spells.
You feel a surge of power!
Flames lash the cyclops.
The cyclops is moderately wounded.
The cyclops's fire resistance burns away.
The foxfire hits the cyclops.
The cyclops is burned terribly!
The cyclops is moderately wounded.
Casting: Scorch (safe; 1% risk of failure)
Confirm with . or Enter, or press ? or * to list all spells.
You feel a surge of power!
You conjure some foxfire!
The cyclops throws a large rock.
The large rock hits you!!
You die...

####..# ##.#* *,,* ***,,,*,,,,
...##.###..# *#.#* **,,,,,,,
###.#.....#### *..* *,,**,,,
.#..#....r...## *.#* *,,*****
#.#.'.##''##).###.# *,** *
#######8..8##C##..# **,* ..)#
#8....8#§)#.#* *,,****** ####
#(....$#.§§v# **,,,,,,** ****
#$....=#..§♣#* **,,,,,,,,* *,,*
#8....8#.).v§#****,,,,,,,,,,
*,***##8..8##.##......,,,,,,,,,,,
,**,+,##++##..####.....,,,,,,,,,,
,*,**,.......## **......,,,,,,,,,
***,*,......#* **,......,,,,,,,,,
,,,**,......,***,**#####,,,,,,,,,
****,,,,....,,**,*,,,,,*,,,,,,,,,
,,,,,*,,,***,,,,**,*,*,*,,,,,,,,,


You could see a cyclops (combustible, ally target).

Vanquished Creatures
  A centaur warrior (D:8)
  The ghost of blacky4 the Firebug, a novice DsFE (D:5)
  A troll (D:7)
  3 hornets
  Sigmund (D:4)
  4 yaks
  A vampire mosquito (D:8)
  2 water moccasins (D:7)
  6 orc warriors
  2 sky beasts
  An ice beast (D:5)
  A black bear (D:6)
  An ogre (D:7)
  A centaur (D:6)
  A phantom (D:7)
  3 bullfrogs
  3 scorpions
  A gnoll sergeant (D:8)
  4 wights (D:8)
  A howler monkey (D:7)
  2 electric eels (D:8)
  2 hounds
  2 jellies
  4 orc priests
  A sleepcap (D:6)
  Jessica (D:2)
  6 iguanas
  4 orc wizards
  A bullfrog simulacrum (D:5)
  A centaur simulacrum (D:5)
  A scorpion simulacrum (D:5)
  11 gnolls
  8 adders
  2 shadow imps (D:6)
  2 white imps (D:7)
  2 ufetubi (D:6)
  A worm (D:2)
  4 dart slugs
  28 orcs
  3 endoplasms
  2 giant cockroaches (D:3)
  18 goblins
  7 hobgoblins
  2 jackals (D:1)
  23 kobolds
  3 quokkas (D:1)
  3 ball pythons
  4 bats
  2 frilled lizards
  7 rats
196 creatures vanquished.

Vanquished Creatures (collateral kills)
  4 foxfires (D:1)
4 creatures vanquished.

Vanquished Creatures (others)
  A centaur simulacrum (D:5)
  569 foxfires
570 creatures vanquished.

Grand Total: 770 creatures vanquished

Notes
Turn   | Place    | Note
-------+----------+-------------------------------------------
     0 | D:1      | Conn the Octopode Fire Elementalist began the quest for the
                  | Orb.
     0 | D:1      | Reached XP level 1. HP: 11/11 MP: 3/3
   211 | D:1      | Reached XP level 2. HP: 8/17 MP: 0/5
   312 | D:1      | Found a faded altar of an unknown god.
   506 | D:1      | Reached XP level 3. HP: 21/21 MP: 2/6
  1389 | D:2      | Found Saedetiy's Book Shoppe.
  1624 | D:2      | Found a transporter.
  1742 | D:2      | Found a transporter.
  1742 | D:2      | Found Nuasch's Armour Emporium.
  1974 | D:2      | Found Ywothr Pinob's Book Shop.
  2011 | D:2      | Reached XP level 4. HP: 27/27 MP: 2/8
  2220 | D:2      | Found Wounecras's General Store.
  2223 | D:2      | Bought a potion of lignification for 30 gold pieces
  2223 | D:2      | Bought a scroll of identify for 20 gold pieces
  2223 | D:2      | Bought a potion of curing for 30 gold pieces
  2292 | D:2      | Noticed Jessica
  2298 | D:2      | Learned a level 2 spell: Scorch
  2302 | D:2      | Learned a level 3 spell: Inner Flame
  2308 | D:2      | Killed Jessica
  2348 | D:2      | Found Duoliek's Jewellery Boutique.
  2577 | D:3      | Found a white marble altar of Elyvilon.
  2667 | D:3      | Reached skill level 3 in Spellcasting
  2683 | D:3      | Reached XP level 5. HP: 31/31 MP: 3/9
  3102 | D:3      | Found a basalt altar of Yredelemnul.
  3343 | D:4      | Noticed Sigmund
  3347 | D:4      | Killed Sigmund
  3348 | D:4      | Reached XP level 6. HP: 37/37 MP: 4/11
  4026 | D:4      | Learned a level 4 spell: Flame Wave
  4035 | D:5      | Entered Level 5 of the Dungeon
  4046 | D:5      | Noticed a yak
  4046 | D:5      | Noticed a yak
  4047 | D:5      | Noticed a yak
  4047 | D:5      | Noticed a yak
  4059 | D:5      | Killed a yak
  4060 | D:5      | Reached skill level 4 in Spellcasting
  4060 | D:5      | Reached XP level 7. HP: 34/42 MP: 1/13
  4154 | D:4      | Learned a level 1 spell: Summon Small Mammal
  4198 | D:4      | Killed a yak
  4199 | D:4      | Reached skill level 1 in Short Blades
  4199 | D:4      | Reached skill level 1 in Shields
  4445 | D:5      | Found a runed translucent gate.
  4446 | D:5      | Found a runed translucent gate.
  4447 | D:5      | Found a runed translucent gate.
  4642 | D:5      | Noticed a hornet
  4648 | D:5      | Killed a hornet
  4649 | D:5      | Reached skill level 5 in Spellcasting
  4649 | D:5      | Reached skill level 1 in Summonings
  4649 | D:5      | Reached skill level 5 in Fire Magic
  4649 | D:5      | Reached XP level 8. HP: 32/47 MP: 5/15
  5021 | D:6      | Killed a yak
  5035 | D:6      | Reached skill level 6 in Spellcasting
  5561 | D:5      | Killed a yak
  5774 | D:5      | Noticed blacky4's ghost (novice DsFE)
  5801 | D:5      | Learned a level 3 spell: Summon Guardian Golem
  5805 | D:5      | Learned a level 3 spell: Call Canine Familiar
  5822 | D:5      | Reached XP level 9. HP: 52/52 MP: 0/18
  6090 | D:5      | Killed blacky4's ghost
  6091 | D:5      | Reached skill level 7 in Spellcasting
  6587 | D:6      | Found a sacrificial altar of Ru.
  6598 | D:6      | Reached skill level 5 in Conjurations
  7202 | D:6      | Found a staircase to the Ecumenical Temple.
  7212 | Temple   | Entered the Ecumenical Temple
  7217 | Temple   | Became a worshipper of Sif Muna the Loreminder
  7457 | D:7      | Noticed a hornet
  7461 | D:7      | Killed a hornet
  7462 | D:7      | Reached skill level 8 in Spellcasting
  7548 | D:7      | Found a blossoming altar of Fedhas.
  7652 | D:7      | Reached skill level 5 in Stealth
  7759 | D:7      | Reached XP level 10. HP: 47/57 MP: 13/22
  8064 | D:7      | Found the +18 Lear's hauberk
  8601 | D:8      | Reached skill level 9 in Spellcasting
  8785 | D:8      | Reached * piety under Sif Muna
  8823 | D:8      | Found a flagged portal.
  8837 | Bailey   | Entered a bailey
  9072 | Bailey   | Learned a level 3 spell: Hailstorm
  9119 | Bailey   | Reached skill level 1 in Fighting
  9364 | Bailey   | Reached skill level 1 in Invocations
  9778 | D:8      | Reached ** piety under Sif Muna
  9974 | D:8      | Found a large runed translucent door.
  9975 | D:8      | Found a large runed translucent door.
 10047 | D:8      | Noticed a centaur warrior
 10048 | D:8      | Noticed a cyclops
 10075 | D:8      | Found a large runed translucent door.
 10075 | D:8      | Found a large runed translucent door.
 10087 | D:8      | Killed a centaur warrior
 10088 | D:8      | Reached skill level 1 in Ice Magic
 10093 | D:8      | Hit by a large rock thrown by a cyclops

Illustrated notes

Levels and vault maps discovered:
D:1:      dpeg_arrival_boxes_within_box, layout_basic, basic_ecumenical_altar,
          minmay_statues_item, minmay_misc_feat_alley, minmay_splitting_lines,
          serial_bayou_lake_a
D:2:      layout_loops_corners, serial_shops, nicolae_shop_real_fake_doors,
          shop, shop, nicolae_shop_drivethru, shop, st_stairs_14,
          chequers_serial_rivers_micro_d, nrook_mini_vaults, uniq_jessica
D:3:      layout_loops_cross, lemuel_crystal_altar, mainiacjoe_overflow_chevrons
D:4:      layout_basic, uniq_sigmund
D:5:      layout_cave_pools, gammafunk_ghost_icy
D:6:      layout_loops_ring, mainiacjoe_overflow_tiny_flanked,
          minmay_temple_entry_nine_rooms, hangedman_abyss_or_decor_stabs,
          kennysheep_generic_room_3
D:7:      layout_basic, lemuel_crystal_altar, reono_crystal_passage,
          hellmonk_guarded_unrand_lears
D:8:      layout_layer_cave, nicolae_overflow_guarded_unrand_okawaru_victory,
          kennysheep_mini_moat, kennysheep_little_box, serial_bayou,
          serial_bayou_crossing, serial_bayou_pond_e, serial_bayou_pond_d,
          serial_bayou_shore_a, lightli_bailey_entry_fortress,
          minmay_hollow_rounded_squares
Temple:   minmay_freezing_vapour_temple

Skill      XL: |  1  2  3  4  5  6  7  8  9 10 |
---------------+-------------------------------+-----
Conjurations   | 2 3 4 5 6 |  6.4
Stealth        | 3 4 5 |  5.1
Spellcasting   | 3 4 5 6 8 9 |  9.5
Fire Magic     | 4 5 6 |  6.8
Short Blades   | 1 |  1.4
Shields        | 1 2 3 4 |  4.0
Summonings     | 1 2 3 |  3.9
Dodging        | 3 |  3.3
Fighting       | 1 |  1.0
Invocations    | 1 |  1.8
Ice Magic      | 1 |  1.0
Staves         | |  0.4
Unarmed Combat | |  0.1
Hexes          | |  0.9

Action                     |  1- 3 |  4- 6 |  7- 9 | 10-12 || total
---------------------------+-------+-------+-------+-------++-------
  Melee: Unarmed           |    10 |       |       |       ||    10
         Constrict         |     6 |     7 |     9 |    10 ||    32
         Tentacles         |     4 |     9 |     9 |     8 ||    30
         Short sword       |     4 |       |    30 |    37 ||    71
         Staff             |     3 |     9 |       |       ||    12
         Punch             |     1 |       |     2 |     1 ||     4
         Dagger            |       |    24 |     6 |       ||    30
   Cast: Foxfire           |    60 |    56 |   119 |    99 ||   334
         Scorch            |       |    13 |    49 |    11 ||    73
         Inner Flame       |       |     1 |     2 |     4 ||     7
         Flame Wave        |       |       |     9 |    13 ||    22
         Summon Guardian G |       |       |     1 |     2 ||     3
         Call Canine Famil |       |       |     1 |     1 ||     2
         Summon Small Mamm |       |       |       |     2 ||     2
         Hailstorm         |       |       |       |     2 ||     2
    Use: Scroll            |     1 |     2 |     9 |     3 ||    15
         Potion            |       |       |     2 |     4 ||     6
   Stab: Sleeping          |     1 |     3 |     1 |       ||     5
         Distracted        |       |       |     1 |     1 ||     2
 Armour: Skin              |     1 |     2 |    12 |     6 ||    21
  Dodge: Dodged            |    11 |    27 |    37 |    38 ||   113

Table legend: (Time is in decaauts)
 A = Elapsed time spent in this place.
 B = Non-inter-level travel time spent in this place.
 C = Inter-level travel time spent in this place.
 D = Time resting spent in this place.
 E = Time spent auto-exploring this place.
 F = Levels seen in this place.
 G = Mean time per level.
                   A        B        C        D        E       F      G
               +--------+--------+--------+--------+--------+-----+--------+
         Total |  10074 |   9866 |    208 |   1006 |   6299 |  10 | 1007.4 |
       Dungeon |   9318 |   9110 |    208 |    858 |   6032 |   8 | 1164.8 |
        Temple |     10 |     10 |      0 |      0 |      0 |   1 |   10.0 |
        Bailey |    744 |    744 |      0 |    148 |    267 |   1 |  744.0 |
               +--------+--------+--------+--------+--------+-----+--------+

Top non-repeatable levels by time:
     D:7: 1439 daAuts
     D:5: 1390 daAuts
     D:1: 1339 daAuts
     D:6: 1293 daAuts
     D:4: 1217 daAuts
     D:2: 1148 daAuts
     D:3: 859 daAuts
  Bailey: 744 daAuts
     D:8: 632 daAuts
  Temple: 10 daAuts
